 Dungeon Crawl Stone Soup version 0.30-a0-304-gdc4b735fe1 (webtiles) character file.

Game seed: 14442338661534953219

146 lonewolfV2 the Trooper (level 5, -2/47 HPs)
             Began as a Hill Orc Fighter on Oct 20, 2022.
             Slain by a gnoll
             ... wielding a +0 halberd
              (11 damage)
             ... on level 3 of the Dungeon.
             The game lasted 00:03:04 (1387 turns).

lonewolfV2 the Trooper (Hill Orc Fighter)           Turns: 1387, Time: 00:03:04

Health: -2/47      AC:  8    Str: 25    XL:     5   Next: 28%
Magic:  5/5        EV:  9    Int:  7    God:
Gold:   109        SH:  0    Dex:  9    Spells: 4/4 levels left

rFire   + . .      SeeInvis +    a - +0 war axe
rCold   . . .      Faith    .    c - +0 buckler
rNeg    . . .      Spirit   .    b - +1 scale mail
rPois   .          Reflect  .    (helmet restricted)
rElec   .          Harm     .    (no cloak)
rCorr   .          Rampage  .    (no gloves)
Will    .....                    (no boots)
Stlth   ..........               (no amulet)
HPRegen 0.27/turn                (no ring)
MPRegen 0.09/turn                (no ring)

@: confused, ambrosia-drunk, attractive
A: antennae 1, see invisible, fire resistance 1, strong 1
a: no special abilities


You were on level 3 of the Dungeon.
You visited 1 branch of the dungeon, and saw 3 of its levels.

You collected 109 gold pieces.

Inventory:

Hand Weapons
 a - a +0 war axe (weapon)
Missiles
 o - a throwing net (quivered)
Armour
 b - a +1 scale mail (worn)
 c - a +0 buckler (worn)
Scrolls
 n - a scroll of amnesia
Potions
 d - 2 potions of might
 e - a potion of heal wounds {unknown}
 f - a potion of ambrosia
 g - a potion of mutation
 i - a potion of attraction
 j - a potion of degeneration {unknown}
 l - 2 potions of curing {unknown}


   Skills:
 + Level 4.8 Fighting
 + Level 4.3 Axes
 + Level 4.0 Armour
 + Level 0.3 Dodging
 + Level 0.5 Stealth
 + Level 3.9 Shields


You had 4 spell levels left.
You didn't know any spells.
Your spell library contained the following spells:

 Spells                   Type           Power      Damage    Failure   Level
 Ensorcelled Hibernation  Hex/Ice        0%         N/A       91%         2
 Frozen Ramparts          Ice            0%         1d1       99%         3
 Ozocubu's Armour         Ice            0%         N/A       99%         3
 Conjure Ball Lightning   Conj/Air       0%         3x3d6     100%        6
 Discord                  Hex            0%         N/A       100%        8
 Disjunction              Tloc           0%         N/A       100%        8


Dungeon Overview and Level Annotations

Branches:
Dungeon (3/15)

Altars:


Innate Abilities, Weirdness & Mutations

You have a pair of small antennae on your head.
You have supernaturally acute eyesight. (SInv)
Your flesh is heat resistant. (rF+)
Your muscles are strong. (Str +4, Int/Dex -1)


Message History

You block the gnoll's attack.
You hit the gnoll.
You kill the gnoll!
The gnoll barely misses you. The gnoll hits you with a +0 halberd.
You see here a +0 club.
The gnoll hits you with a +0 halberd!
You closely miss the gnoll.
A gnoll comes into view. It is wielding a +0 spear.
You block the gnoll's attack.
You hit the gnoll.
The gnoll is heavily wounded.
You closely miss the gnoll. The gnoll barely misses you.
The gnoll hits you with a +0 halberd!
You hit the gnoll.
The gnoll is severely wounded.
You hit the gnoll but do no damage. The gnoll hits you with a +0 whip!
* * * LOW HITPOINT WARNING * * *
The gnoll misses you.
The gnoll hits you from afar with a +0 spear.
* * * LOW HITPOINT WARNING * * *
You hit the gnoll but do no damage. You closely miss the gnoll.
The gnoll hits you but does no damage. The gnoll hits you with a +0 whip.
* * * LOW HITPOINT WARNING * * *
The gnoll hits you but does no damage. You block the gnoll's attack.
The gnoll barely misses you. The gnoll hits you but does no damage.
Unknown command.
It was a potion of mutation.
You feel extremely strange. A pair of antennae grows on your head!
You feel stronger.
Your vision sharpens.
You feel resistant to heat. You block the gnoll's attack. x2
The gnoll hits you from afar with a +0 spear.
* * * LOW HITPOINT WARNING * * *
It was a potion of attraction.
You feel attractive to monsters. You block the gnoll's attack.
The gnoll barely misses you. The gnoll closely misses you.
You are confused.
You feel invigorated. The gnoll hits you with a +0 halberd!
You die...

#........#
####.#.### ##.#.###
#(.#...# #.####.#
#.# #.## ##.#
#..### #..# ##...##
.## #..# ###g@#
....###.# ##g#
#.....########lg.
####...............
.
##.########......#
.. #.# #......# .
#.# #....... #. #.#
####.### #.####.#
#####


You could see 3 gnolls and a frilled lizard.

Vanquished Creatures
  5 gnolls
  2 adders (D:2)
  5 worms
  2 dart slugs
  9 ball pythons
  4 bats
  2 endoplasms (D:1)
  3 giant cockroaches
  8 goblins
  6 hobgoblins
  3 quokkas
  2 frilled lizards (D:2)
  6 kobolds
  3 rats
60 creatures vanquished.

Notes
Turn   | Place    | Note
-------+----------+-------------------------------------------
     0 | D:1      | lonewolfV2 the Hill Orc Fighter began the quest for the
                  | Orb.
     0 | D:1      | Reached XP level 1. HP: 19/19 MP: 1/1
     5 | D:1      | Got the Papyrus of Glaciation
   116 | D:1      | Reached XP level 2. HP: 25/27 MP: 2/2
   461 | D:1      | Reached XP level 3. HP: 32/33 MP: 3/3
   914 | D:2      | Reached XP level 4. HP: 33/40 MP: 4/4
  1021 | D:2      | Reached XP level 5. HP: 43/47 MP: 5/5
  1385 | D:3      | Gained mutation: You have a pair of small antennae on your
                  | head. [potion of mutation]
  1385 | D:3      | Gained mutation: Your muscles are strong. (Str +4, Int/Dex
                  | -1) [potion of mutation]
  1385 | D:3      | Gained mutation: You have supernaturally acute eyesight.
                  | (SInv) [potion of mutation]
  1385 | D:3      | Gained mutation: Your flesh is heat resistant. (rF+)
                  | [potion of mutation]
  1387 | D:3      | Slain by a gnoll

Illustrated notes

Levels and vault maps discovered:
D:1:      erik_arrival_orb_chamber, layout_basic
D:2:      layout_basic, minmay_pentomino_w4
D:3:      layout_rooms, mainiacjoe_overflow_brackets, serial_shops,
          nicolae_shop_trees, roderic_nine_men_s_morris, grunt_ministairs_7,
          uniq_sigmund

Skill      XL: |  1  2  3  4  5 |
---------------+----------------+-----
Fighting       | 4 |  4.8
Axes           | 3 4 |  4.3
Armour         | 4 |  4.0
Dodging        | |  0.3
Stealth        | |  0.5
Shields        | |  3.9

Action                   |  1- 3 |  4- 6 || total
-------------------------+-------+-------++-------
Melee: War axe           |   101 |    49 ||   150
  Use: Scroll            |     2 |     4 ||     6
       Potion            |       |     3 ||     3
Armor: Scale mail        |    61 |    20 ||    81
Dodge: Dodged            |    63 |    24 ||    87
Block: Buckler           |    21 |    14 ||    35

Table legend: (Time is in decaauts)
 A = Elapsed time spent in this place.
 B = Non-inter-level travel time spent in this place.
 C = Inter-level travel time spent in this place.
 D = Time resting spent in this place.
 E = Time spent auto-exploring this place.
 F = Levels seen in this place.
 G = Mean time per level.
                   A        B        C        D        E       F      G
               +--------+--------+--------+--------+--------+-----+--------+
         Total |   1441 |   1423 |     18 |      0 |    987 |   3 |  480.3 |
       Dungeon |   1441 |   1423 |     18 |      0 |    987 |   3 |  480.3 |
               +--------+--------+--------+--------+--------+-----+--------+

Top non-repeatable levels by time:
     D:2: 780 daAuts
     D:1: 539 daAuts
     D:3: 121 daAuts
